[Event "*** Titled Tuesday Blitz AM"]
[Site "Chess.com"]
[Date "2020.01.07"]
[Round "6"]
[White "nouma78"]
[Black "lucasran"]
[Result "0-1"]
[WhiteElo "2526"]
[BlackElo "2704"]
[TimeControl "180+2"]
[EndTime "10:16:00 PST"]
[Termination "lucasran won by resignation"]

1. d4 Nf6 2. c4 e6 3. Nc3 Bb4 4. Qc2 b6 5. e4 c5 6. d5 Qe7 7.
Be2 d6 8. Nf3 O-O 9. O-O Bxc3 10.
bxc3 exd5 11. exd5 Bf5 12. Bd3 Bxd3 13. Qxd3 Re8 14.
Bg5 Nbd7 15. Rae1 Qf8 16. Qf5 Rxe1 17. Rxe1 Re8 18. Rxe8 Qxe8 19. h3 Qe4 20. Qxe4 Nxe4 21. Bf4 Kf8 22. Kf1 Ke7 23. Bd2 Ne5 24. Nxe5 dxe5 25. Ke2 Nd6 0-1

[Event "*** Titled Tuesday Blitz AM"]
[Site "Chess.com"]
[Date "2020.01.07"]
[Round "6"]
[White "j_coca"]
[Black "BeanScreen"]
[Result "1-0"]
[WhiteElo "2169"]
[BlackElo "2382"]
[TimeControl "180+2"]
[EndTime "10:16:05 PST"]
[Termination "j_coca won by resignation"]

1. f4 d5 2. Nf3 Nf6 3. e3 Bf5 4. d4 e6 5. Bd3 Bxd3 6. Qxd3 c5 7. c3 Nc6 8. Nbd2 Be7 9. O-O O-O 10. Ne5 cxd4 11.
exd4 Rb8 12. Rf3 Nxe5 13. fxe5 Nd7 14. Rh3 g6 15. Nf3 Re8 16. Bh6 b5 17. Rf1 b4 18.
Qe3 bxc3 19. bxc3 Rb2 20. Bg7 Bf8 21. Qh6 Bxg7 22. Qxh7+ Kf8 23. Nh4 Rxg2+ 24. Kxg2 Qg5+ 25. Rg3 Qd2+ 26. Rf2 Qh6 27. Nxg6+ 1-0

[Event "*** Titled Tuesday Blitz AM"]
[Site "Chess.com"]
[Date "2020.01.07"]
[Round "6"]
[White "Alexander_Moskalenko"]
[Black "Oleksandr_Bortnyk"]
[Result "1-0"]
[WhiteElo "2798"]
[BlackElo "2989"]
[TimeControl "180+2"]
[EndTime "10:16:09 PST"]
[Termination "Alexander_Moskalenko won by resignation"]

1. e4 Nf6 2. e5 Nd5 3. d4 d6 4.
Nf3 dxe5 5. c4 e4 6. cxd5 exf3 7. Qxf3 c6 8. Nc3 g6 9. Bc4 cxd5 10. Nxd5 Bg7 11. Nc7+ Qxc7 12. Qxf7+ Kd8 13. Qxg7 Re8 14. Bf7 Qa5+ 15. Bd2 Qa6 16. Bxe8 Kxe8 17. d5 Qd3 18.
Rc1 Na6 19. Qg8+ Kd7 20. Qe6+ Kd8 21. Qe5 Bf5 22. Qh8+ Kd7 23. Qxa8 Nc5 24. Rxc5 Qe4+ 25. Be3 Qb4+ 26. Rc3 1-0

[Event "*** Titled Tuesday Blitz AM"]
[Site "Chess.com"]
[Date "2020.01.07"]
[Round "6"]
[White "KRASAVCHIK2002"]
[Black "levallem"]
[Result "1-0"]
[WhiteElo "2470"]
[BlackElo "2187"]
[TimeControl "180+2"]
[EndTime "10:16:14 PST"]
[Termination "KRASAVCHIK2002 won by checkmate"]

1. e4 c5 2. Nf3 Nc6 3. Bb5 Nd4 4. Nxd4 cxd4 5. Bc4 g6 6. d3 Bg7 7. h4 h5 8. Nd2 d6 9. Nb3 e5 10. c3 dxc3 11. bxc3 Bg4 12. Qd2 Bh6 13. Qc2 Bxc1 14. Qxc1 Ne7 15. O-O O-O 16. f3 Be6 17. Bxe6 fxe6 18.
Qg5 Kg7 19. d4 Nc6 20. Rad1 Qxg5 21. hxg5 Rfd8 22. dxe5 Nxe5 23. Nd4 Kf7 24. f4 Ng4 25. f5 e5 26. fxg6+ Kxg6 27. Ne6 Rd7 28. Nf8+ Rxf8 29. Rxf8 Kxg5 30. Rdf1 Rc7 31. R1f5+ Kh4 32. Rh8 Rxc3 33.
Rhxh5+ Kg3 34. Rh3# 1-0

[Event "*** Titled Tuesday Blitz AM"]
[Site "Chess.com"]
[Date "2020.01.07"]
[Round "6"]
[White "narutosmith"]
[Black "JoachimBN"]
[Result "0-1"]
[WhiteElo "2249"]
[BlackElo "2465"]
[TimeControl "180+2"]
[EndTime "10:16:16 PST"]
[Termination "JoachimBN won on time"]

1. d4 Nf6 2. c4 e6 3. Nc3 Bb4 4. f3 d5 5. a3 Be7 6. e4 dxe4 7. fxe4 e5 8. d5 Bc5 9. Nf3 Bg4 10. h3 Bxf3 11.
Qxf3 Nbd7 12. Bd3 a5 13. Bd2 c6 14. Rf1 O-O 15. g4 Bd4 16. g5 Ne8 17. h4 Nc5 18.
Bc2 Nd6 19. b3 a4 20. b4 Nb3 21. Bxb3 axb3 22. Qd3 b2 23. Rb1 Rxa3 24. Rxb2 Nxe4 25. Qxe4 Rxc3 26. Ke2 Rxc4 27. Rbb1 cxd5 28. Qf5 Qc8 29. Qf3 e4 30. Qh5 g6 31. Qh6 Bg7 0-1

[Event "*** Titled Tuesday Blitz AM"]
[Site "Chess.com"]
[Date "2020.01.07"]
[Round "6"]
[White "GremioPrudente"]
[Black "RojonR"]
[Result "0-1"]
[WhiteElo "2267"]
[BlackElo "2456"]
[TimeControl "180+2"]
[EndTime "10:16:22 PST"]
[Termination "RojonR won on time"]

1. Nf3 d5 2. d4 Nf6 3. c4 c6 4. e3 e6 5. Nbd2 Nbd7 6. Bd3 b6 7. O-O Bb7 8. Qe2 c5 9. b3 Be7 10. Bb2 O-O 11. cxd5 Nxd5 12. dxc5 Nxc5 13. Rad1 Nf4 14.
exf4 Qxd3 15. Qxd3 Nxd3 16. Ba1 Nxf4 17. Nc4 Rfd8 18.
Nfe5 f6 19. Ng4 Bxg2 20. Rfe1 Bf3 21. Nge3 Bxd1 22. Rxd1 Rxd1+ 23. Nxd1 Rd8 24. Nde3 Bc5 0-1

[Event "*** Titled Tuesday Blitz AM"]
[Site "Chess.com"]
[Date "2020.01.07"]
[Round "6"]
[White "M1711"]
[Black "PaulfromSPb"]
[Result "0-1"]
[WhiteElo "2530"]
[BlackElo "2674"]
[TimeControl "180+2"]
[EndTime "10:16:39 PST"]
[Termination "PaulfromSPb won by resignation"]

1. d4 Nf6 2. Bg5 d5 3. e3 c5 4. Bxf6 gxf6 5. dxc5 Nc6 6. c4 d4 7. exd4 Qxd4 8. Nc3 e6 9. Nf3 Qxd1+ 10. Rxd1 Bxc5 11. a3 Ke7 12. Be2 f5 13. O-O a5 14.
Na4 Ba7 15. c5 Rg8 16. Bb5 Bd7 17. Rd2 Ne5 18. Nxe5 Bxb5 19. c6 Rad8 20. Rfd1 Rxd2 21. Rxd2 Bxa4 22. Rd7+ Kf6 23. Rxb7 Kxe5 24. Rxa7 Bxc6 25.
Rxa5+ Kf6 26. g3 Bf3 27. Rc5 Rd8 28. Rc1 Rd2 29. a4 Rxb2 30. Ra1 Ke5 31. a5 Rb7 32. a6 Ra7 33. Ra3 Bc6 34. Kf1 Rxa6 0-1

[Event "*** Titled Tuesday Blitz AM"]
[Site "Chess.com"]
[Date "2020.01.07"]
[Round "6"]
[White "LiamVrolijk"]
[Black "MartinMatthiesen"]
[Result "0-1"]
[WhiteElo "2790"]
[BlackElo "2598"]
[TimeControl "180+2"]
[EndTime "10:16:40 PST"]
[Termination "MartinMatthiesen won by resignation"]

1. d4 Nf6 2. c4 e6 3. g3 c5 4. Nf3 cxd4 5. Nxd4 d5 6. Bg2 e5 7. Nf3 d4 8. O-O Nc6 9. e3 Be7 10. exd4 exd4 11. b4 Nxb4 12. Nxd4 O-O 13. Be3 Qc7 14. Qb3 Nc6 15. Nc3 Na5 16. Qa4 Qxc4 17. Qxa5 Bb4 18. Qb5 Qxc3 19. Rfc1 a6 20. Qa4 Qa3 21. Qd1 Qa5 22.
Rab1 Ba3 23. Rc3 Qxc3 0-1

[Event "*** Titled Tuesday Blitz AM"]
[Site "Chess.com"]
[Date "2020.01.07"]
[Round "6"]
[White "JSPrepz"]
[Black "SlavenPastar"]
[Result "1-0"]
[WhiteElo "2797"]
[BlackElo "2547"]
[TimeControl "180+2"]
[EndTime "10:16:41 PST"]
[Termination "JSPrepz won by resignation"]

1. e4 e5 2. Nf3 Nc6 3. Nc3 Nf6 4. a3 Bc5 5. Nxe5 Nxe5 6. d4 Bd6 7. f4 Ng6 8. e5 Be7 9. f5 Nxe5 10. dxe5 Ng8 11. Bc4 d6 12. Qd5 Bh4+ 13. g3 Qe7 14. gxh4 Qxh4+ 15. Kd1 Be6 16. fxe6 O-O-O 17. exf7 dxe5 18.
Bd2 Nf6 19. Qe6+ Kb8 20. Kc1 Qf2 21. Rd1 Rd6 22. Qe7 Ng4 23. Bg5 Rxd1+ 24. Nxd1 Qf1 25.
Bxf1 1-0

[Event "*** Titled Tuesday Blitz AM"]
[Site "Chess.com"]
[Date "2020.01.07"]
[Round "6"]
[White "hazy13"]
[Black "Quiet_Desperation"]
[Result "0-1"]
[WhiteElo "2217"]
[BlackElo "2419"]
[TimeControl "180+2"]
[EndTime "10:16:46 PST"]
[Termination "Quiet_Desperation won by resignation"]

1. d4 Nf6 2. c4 e6 3. g3 Bb4+ 4. Bd2 a5 5. Bg2 O-O 6. Nf3 d6 7. O-O Bxd2 8. Nbxd2 Nc6 9. a3 e5 10. d5 Nb8 11. e4 c6 12. Ne1 Na6 13. Nd3 cxd5 14.
cxd5 Bd7 15. Nc4 Bb5 16. Rc1 Rc8 17. Qb3 Bxc4 18. Rxc4 Rxc4 19. Qxc4 Qd7 20. Rc1 Ne8 21. b4 Nec7 22. bxa5 Nb5 23. a4 Nd4 24. Bf1 f5 25.
exf5 Qxf5 26. h4 Nc5 27. f4 Nf3+ 28. Kg2 Nd2 29. Qc2 Nxf1 30. Nxc5 Ne3+ 0-1

[Event "*** Titled Tuesday Blitz AM"]
[Site "Chess.com"]
[Date "2020.01.07"]
[Round "6"]
[White "ChessFunMaker"]
[Black "WildTricks"]
[Result "0-1"]
[WhiteElo "2353"]
[BlackElo "2501"]
[TimeControl "180+2"]
[EndTime "10:16:55 PST"]
[Termination "WildTricks won on time"]

1. e4 g6 2. d4 Bg7 3. Nf3 d6 4.
Bc4 Nc6 5. O-O Nf6 6. Qe2 Bg4 7. Rd1 O-O 8. h3 Bxf3 9. Qxf3 e5 10. c3 exd4 11. cxd4 d5 12. exd5 Na5 13. b3 Nxc4 14.
bxc4 b5 15. Bg5 bxc4 16. Nc3 Qd6 17. Bxf6 Qxf6 18. Qxf6 Bxf6 19. Ne4 Bg7 20. Rac1 Rfd8 21. Rxc4 Rxd5 22. Rxc7 a5 23. g3 h5 24. Kg2 Rad8 25. h4 Bxd4 26. Ng5 Bb6 27. Rxd5 Rxd5 28. Nxf7 Bxc7 0-1

[Event "*** Titled Tuesday Blitz AM"]
[Site "Chess.com"]
[Date "2020.01.07"]
[Round "6"]
[White "Kubas1010"]
[Black "bluejay1897"]
[Result "0-1"]
[WhiteElo "2592"]
[BlackElo "2390"]
[TimeControl "180+2"]
[EndTime "10:17:05 PST"]
[Termination "bluejay1897 won by checkmate"]

1. d4 Nf6 2. c4 e6 3. Nf3 b6 4. a3 Bb7 5. Bf4 Be7 6. Nc3 O-O 7. d5 exd5 8. cxd5 Re8 9. e3 d6 10. Bb5 Nbd7 11. h3 a6 12. Be2 Nc5 13. b4 Nce4 14.
Nxe4 Nxe4 15. Rc1 Rc8 16. O-O Bf6 17. Qb3 Qd7 18. Rfd1 h5 19. Nd4 g5 20. Bh2 Bxd4 21. Rxd4 Qf5 22. f3 Nf6 23. Bd3 Qd7 24. Qb1 Bxd5 25. e4 Be6 26. e5 Nd5 27. Bxa6 Ra8 28. Bb7 dxe5 29. Bxe5 Rxa3 30. Bc6 Qd8 31. Bxe8 Qxe8 32.
Qb2 Qa4 33. Rxd5 Bxd5 34. Rxc7 Ra2 35. Rc8+ Kh7 36. Qd4 Qb3 37. Qxb6 Rxg2+ 38. Kxg2 Qxf3+ 39. Kg1 Qg2# 0-1

[Event "*** Titled Tuesday Blitz AM"]
[Site "Chess.com"]
[Date "2020.01.07"]
[Round "6"]
[White "Gr3egor"]
[Black "Korona_91"]
[Result "1-0"]
[WhiteElo "2744"]
[BlackElo "2403"]
[TimeControl "180+2"]
[EndTime "10:17:05 PST"]
[Termination "Gr3egor won by resignation"]

1. d4 g6 2. c4 d6 3. e4 Bg7 4. Nc3 Nd7 5. Be3 e5 6. d5 Ne7 7. Qd2 f5 8. Bh6 O-O 9. Bxg7 Kxg7 10. exf5 Nxf5 11. Nge2 Qf6 12. Ng3 Nd4 13. Bd3 Nc5 14. Nce4 Nxe4 15. Nxe4 Qf4 16. Qxf4 Rxf4 17. f3 Bf5 18.
O-O Bxe4 19. Bxe4 Raf8 20. Rac1 Ne2+ 21. Kh1 Nxc1 22. Rxc1 b6 23. b4 g5 24. h3 h5 25. c5 g4 26. hxg4 hxg4 27. cxd6 cxd6 28. Rc6 g3 29. Kg1 R4f6 30. a4 Kh6 31. Kf1 Kg5 32.
Rc7 R6f7 33. Rc6 Rd7 34. Ke2 Rh8 35. Kd3 Rh2 36. Rc8 Rxg2 37. f4+ exf4 38. Rg8+ Kf6 39.
Bxg2 Rh7 40. Ke4 Rh2 41. Kf3 Ke5 42. Rg5+ Kf6 43. Rg4 Ke5 44. b5 Kxd5 45. Rxf4 Kc5 46. Kxg3 Rh5 47. Rf7 Rg5+ 48. Kf2 d5 49. Rxa7 d4 50.
Be4 Rg4 51. Kf3 Rh4 52. Bd3 Rh3+ 53. Ke2 Rh2+ 54. Ke1 Kb4 55. Be2 Kc3 56. Rc7+ Kb3 57. a5 bxa5 58. b6 1-0

[Event "*** Titled Tuesday Blitz AM"]
[Site "Chess.com"]
[Date "2020.01.07"]
[Round "6"]
[White "cholzan"]
[Black "Alexander_Donchenko"]
[Result "0-1"]
[WhiteElo "2535"]
[BlackElo "2729"]
[TimeControl "180+2"]
[EndTime "10:17:06 PST"]
[Termination "Alexander_Donchenko won by resignation"]

1. d4 Nf6 2. c4 g6 3. Nc3 Bg7 4. e4 d6 5. Nf3 O-O 6. Be2 e5 7. O-O Qe8 8. Bg5 exd4 9. Bxf6 Bxf6 10. Nd5 Bd8 11. Qxd4 Nc6 12. Qe3 Ne5 13. Nxe5 dxe5 14. Rad1 c6 15. Nc3 Be6 16. c5 Bf6 17. Rd6 Be7 18.
Rxe6 fxe6 19. Bc4 Kg7 20. b4 a5 21. b5 Rd8 22. Bxe6 Bxc5 23. Qxc5 Qxe6 24. bxc6 bxc6 25. Qxa5 Rd7 26. Na4 Rdf7 27. Nc5 Qc4 28. Nb3 Qxe4 29. Qc5 Rxf2 30. Qxf2 Rxf2 31. Rxf2 Qb1+ 32. Rf1 Qxa2 33.
Nc1 Qd2 34. Kh1 e4 0-1

[Event "*** Titled Tuesday Blitz AM"]
[Site "Chess.com"]
[Date "2020.01.07"]
[Round "6"]
[White "LogoCzar"]
[Black "Saloni1299"]
[Result "1-0"]
[WhiteElo "2397"]
[BlackElo "2075"]
[TimeControl "180+2"]
[EndTime "10:17:06 PST"]
[Termination "LogoCzar won by resignation"]

1. e4 e6 2. d4 d5 3. Nc3 Bb4 4. e5 c5 5. a3 Bxc3+ 6. bxc3 Ne7 7. Qg4 Qc7 8. Qxg7 Rg8 9. Qxh7 cxd4 10.
Qd3 Qxe5+ 11. Ne2 dxc3 12. Qxc3 Qxc3+ 13. Nxc3 Nbc6 14. Nb5 Kd7 15. Bb2 a6 16. Nc3 Kc7 17. O-O-O Bd7 18. h4 d4 19. Ne4 e5 20. f4 Bf5 21.
Bd3 f6 22. Nxf6 Rxg2 23. Bxf5 Nxf5 24. fxe5 Nxe5 25. Bxd4 Nxd4 26. Rxd4 Rf8 27. Rf1 Kb8 28. Re4 Rg6 29. Rxe5 Rgxf6 30. Rxf6 Rxf6 31. Re3 Kc7 32. Kd2 Kd6 33. Rh3 Ke5 34. Ke3 Kf5 35. Rf3+ Kg6 36. Rxf6+ Kxf6 37. Kd4 Kg6 38. Kc5 Kh5 39. Kb6 Kxh4 40. Kxb7 1-0

[Event "*** Titled Tuesday Blitz AM"]
[Site "Chess.com"]
[Date "2020.01.07"]
[Round "6"]
[White "Anton_Demchenko"]
[Black "Snegokhod"]
[Result "1-0"]
[WhiteElo "2975"]
[BlackElo "2592"]
[TimeControl "180+2"]
[EndTime "10:17:16 PST"]
[Termination "Anton_Demchenko won by resignation"]

1. d4 Nf6 2. Nf3 g6 3. Bf4 Bg7 4. c3 O-O 5. Nbd2 Nh5 6. Bg5 h6 7. Bh4 g5 8. Bg3 d6 9. e4 Nxg3 10. hxg3 c5 11. dxc5 Nc6 12. cxd6 exd6 13. Bc4 Bg4 14. O-O Ne5 15. Be2 Be6 16. Nd4 Bd7 17.
Nc4 Qe7 18. Ne3 Bh8 19. Nd5 Qd8 20. f4 gxf4 21. gxf4 Ng6 22. Bg4 Bc6 23. Nf5 Re8 24.
Nxh6+ Kh7 25. Nxf7 Qh4 26. Bf5 Kg7 27. Nxd6 Rf8 28.
Rf3 Bxd5 29. Qxd5 Rad8 30. Qxb7+ Ne7 31. Rh3 1-0

[Event "*** Titled Tuesday Blitz AM"]
[Site "Chess.com"]
[Date "2020.01.07"]
[Round "6"]
[White "OneTrickPony_82"]
[Black "miroslavsavic"]
[Result "1-0"]
[WhiteElo "2438"]
[BlackElo "2079"]
[TimeControl "180+2"]
[EndTime "10:17:26 PST"]
[Termination "OneTrickPony_82 won on time"]

1. d4 Nf6 2. c4 e6 3. Nf3 Bb4+ 4. Bd2 a5 5. a3 Bxd2+ 6. Qxd2 O-O 7. Nc3 d6 8. e4 Qe7 9. O-O-O e5 10. h3 Re8 11.
Bd3 Nbd7 12. Rhe1 c6 13. g4 exd4 14. Nxd4 Nc5 15. Bc2 Nfd7 16. Nf5 Qe6 17. Nxd6 Rf8 18. f4 Nf6 19. e5 Ne8 20. Bf5 Qh6 21. Nxc8 Nb3+ 22. Kc2 Nxd2 23. Rxd2 Rxc8 24. Bxc8 Qxh3 25. Rd3 Qh4 26. Re2 Nc7 27. Bxb7 Qxg4 28. Bxc6 Rc8 29. Bd7 Qxe2+ 30. Nxe2 Rd8 31. Bc6 1-0

[Event "*** Titled Tuesday Blitz AM"]
[Site "Chess.com"]
[Date "2020.01.07"]
[Round "6"]
[White "IMUltimateBeast"]
[Black "Generalas"]
[Result "1-0"]
[WhiteElo "2611"]
[BlackElo "2261"]
[TimeControl "180+2"]
[EndTime "10:17:35 PST"]
[Termination "IMUltimateBeast won by resignation"]

1. d4 Nf6 2. Bf4 g6 3. e3 Bg7 4. Nf3 O-O 5. h3 d6 6. Be2 b6 7.
c4 Bb7 8. Nc3 Nbd7 9. O-O Re8 10.
Qc2 e5 11. dxe5 dxe5 12. Bh2 Qe7 13. Rad1 a6 14. Rd2 h5 15. Rfd1 e4 16. Nd4 Nc5 17.
a3 Rad8 18. b4 Nd3 19. Bxd3 exd3 20. Rxd3 Ne4 21. Nd5 Qh4 22. Nf3 Qxf2+ 23. Qxf2 Nxf2 24. Kxf2 c6 25. Nxb6 Rxd3 26. Rxd3 Bh6 27. c5 1-0

[Event "*** Titled Tuesday Blitz AM"]
[Site "Chess.com"]
[Date "2020.01.07"]
[Round "6"]
[White "XxPetroffsxX"]
[Black "arminmusovic"]
[Result "0-1"]
[WhiteElo "1984"]
[BlackElo "2496"]
[TimeControl "180+2"]
[EndTime "10:17:40 PST"]
[Termination "arminmusovic won by resignation"]

1. d4 d5 2. Nf3 c5 3. e3 Nc6 4. b3 Bg4 5. Bb2 e6 6. Be2 Nf6 7. O-O Bd6 8. Nbd2 O-O 9. Ne5 Bxe2 10. Qxe2 Nd7 11. f4 f6 12. Nxc6 bxc6 13. c4 Qc7 14. cxd5 exd5 15. Rae1 Rae8 16. Qg4 cxd4 17.
exd4 f5 18. Qh3 Bb4 19. Bc3 Rxe1 20. Rxe1 Bxc3 21. Qxc3 Qxf4 22. Nf3 Qd6 23. Ne5 Nxe5 24. Rxe5 f4 25. Qf3 Qb4 26. Qf2 Qc3 27. h4 f3 28. g3 h6 29. Kh2 Qd3 30. Re6 Kh8 31. Rxc6 Re8 32. Rc2 Qxc2 33. Qxc2 Re2+ 0-1

[Event "*** Titled Tuesday Blitz AM"]
[Site "Chess.com"]
[Date "2020.01.07"]
[Round "6"]
[White "Grieve72"]
[Black "vova-79"]
[Result "1/2-1/2"]
[WhiteElo "2337"]
[BlackElo "2608"]
[TimeControl "180+2"]
[EndTime "10:17:46 PST"]
[Termination "Game drawn by repetition"]

1. e4 e6 2. d4 d5 3. Nd2 dxe4 4. Nxe4 Nd7 5. Nf3 Ngf6 6. Nxf6+ Nxf6 7. g3 b6 8. Bb5+ Bd7 9. a4 a6 10. Be2 Bc6 11. O-O Bd6 12. Ne5 Bxe5 13. dxe5 Qxd1 14. Rxd1 Nd7 15. f4 a5 16. Be3 O-O-O 17. b4 axb4 18. a5 Nc5 19. axb6 Rxd1+ 20. Rxd1 cxb6 21. Rb1 Kc7 22. Rxb4 Ra8 23. Rc4 Ra1+ 24. Kf2 Ne4+ 25. Kg2 Nc3+ 26. Bf3 Nd5 27. Bd4 Ra2 28. Bxd5 exd5 29.
Rc3 Ra4 30. Rd3 Ra2 31. Rc3 Ra4 32. Rd3 Ra2 33. Rc3 1/2-1/2

[Event "*** Titled Tuesday Blitz AM"]
[Site "Chess.com"]
[Date "2020.01.07"]
[Round "6"]
[White "CarlosAlbornoz"]
[Black "rquery98"]
[Result "1-0"]
[WhiteElo "2752"]
[BlackElo "2533"]
[TimeControl "180+2"]
[EndTime "10:17:47 PST"]
[Termination "CarlosAlbornoz won by resignation"]

1. e3 g6 2. Nf3 Bg7 3. d4 f5 4. Nbd2 Nf6 5. Bd3 d5 6. c4 c6 7.
Ne5 Nbd7 8. f4 e6 9. O-O O-O 10. Ndf3 Nxe5 11. Nxe5 Nd7 12. b3 Nxe5 13. dxe5 d4 14.
Qe2 dxe3 15. Bxe3 Rf7 16. Rfd1 Rd7 17. c5 Bf8 18. Bc4 Kf7 19. Bf2 Qe8 20. b4 Be7 21. Rd6 Rxd6 22. exd6 Bf6 23. Re1 Bd7 24. Qd3 a5 25. a3 axb4 26. axb4 Ra1 27. Rxa1 Bxa1 28. Bd4 Bxd4+ 29. Qxd4 Qa8 30. Qc3 Bc8 31. h4 h5 32.
Qh8 Qa3 33. Qh7+ Kf8 34. Qe7+ Kg8 35. Bxe6+ Bxe6 36. Qxe6+ Kh7 37. Qe7+ Kg8 38. Kh2 Qc1 39.
Qg5 Qd2 40. Qxg6+ Kh8 41. Qxh5+ Kg7 42. Qg5+ Kh8 43. Qxf5 Qf2 44. Qh5+ Kg7 45. Qg5+ Kf7 46. d7 b5 47. d8=Q Qg3+ 48. Qxg3 1-0

[Event "*** Titled Tuesday Blitz AM"]
[Site "Chess.com"]
[Date "2020.01.07"]
[Round "6"]
[White "RGSmaster"]
[Black "kkpanu9"]
[Result "0-1"]
[WhiteElo "2229"]
[BlackElo "2097"]
[TimeControl "180+2"]
[EndTime "10:17:47 PST"]
[Termination "kkpanu9 won by checkmate"]

1. d4 Nf6 2. Nf3 g6 3. h4 Bg7 4.
Nc3 d5 5. Bg5 O-O 6. Qd2 Ne4 7.
Qe3 Nxg5 8. hxg5 c5 9. O-O-O Nc6 10. dxc5 d4 11. Qf4 e5 12. Qh4 Re8 13. Qxh7+ Kf8 14. Ne4 Bf5 15. Nd6 e4 16. Nh4 Qxg5+ 17. Kb1 Be6 18.
Nxe8 Rxe8 19. g3 Qxc5 20. Nxg6+ fxg6 21. Qxg6 d3 22. exd3 Bxa2+ 23. Kxa2 Nb4+ 24. Kb3 Qxc2+ 25. Kxb4 Qxb2+ 26. Kc4 Qc3+ 27. Kd5 Qd4# 0-1

[Event "*** Titled Tuesday Blitz AM"]
[Site "Chess.com"]
[Date "2020.01.07"]
[Round "6"]
[White "Iyael"]
[Black "goldenspine"]
[Result "1/2-1/2"]
[WhiteElo "2078"]
[BlackElo "2316"]
[TimeControl "180+2"]
[EndTime "10:17:49 PST"]
[Termination "Game drawn by repetition"]

1. e4 c6 2. d4 d5 3. Nc3 dxe4 4. Nxe4 Nd7 5. Ng5 e6 6. Bd3 Ngf6 7. N1f3 h6 8. Nxe6 fxe6 9. Bg6+ Ke7 10. O-O Qa5 11.
c4 Kd8 12. Bf4 Be7 13. Re1 Nf8 14. Bc2 Bd7 15. Ne5 Kc8 16. a3 g5 17. Bd2 Qb6 18. Bc3 Rg8 19. b4 Be8 20. Rb1 Ng6 21.
Nd3 Nf4 22. Nxf4 gxf4 23. Rxe6 Qc7 24. d5 cxd5 25. Bxf6 Bxf6 26. Rxf6 Qg7 27. Qf3 Qxf6 28. cxd5 b6 29. Rc1 Kb7 30. d6+ Bc6 31. Be4 Bxe4 32.
Qxe4+ Ka6 33. Qc4+ Kb7 34. Qc6+ Ka6 35. Qa4+ Kb7 36. Qc6+ Ka6 37. Qa4+ Kb7 38. Qd7+ Ka6 39. Qa4+ 1/2-1/2

[Event "*** Titled Tuesday Blitz AM"]
[Site "Chess.com"]
[Date "2020.01.07"]
[Round "6"]
[White "garfield_pg"]
[Black "Sven_Tica"]
[Result "0-1"]
[WhiteElo "2377"]
[BlackElo "2657"]
[TimeControl "180+2"]
[EndTime "10:17:50 PST"]
[Termination "Sven_Tica won on time"]

1. e4 c5 2. Nf3 Nf6 3. e5 Nd5 4. g3 Nc6 5. Bg2 e6 6. O-O d6 7.
exd6 Bxd6 8. d4 O-O 9. c4 Nb6 10. dxc5 Bxc5 11. Qe2 e5 12. b3 Qe7 13. Bb2 Re8 14.
a3 a5 15. Re1 Bg4 16. h3 Nd4 17. Bxd4 Bxd4 18. Ra2 Bxf3 19. Qxf3 Rab8 20. Rae2 Nd7 21. Nc3 Nc5 22. Nd5 Qd6 23. b4 axb4 24. axb4 Na6 25. c5 Qd7 26. Nb6 Qb5 27. Qg4 Rbd8 28. Bxb7 Nxb4 29.
Be4 Qxc5 30. Na4 Qb5 31. Nb2 Nd5 32. Nd3 Nc3 33. Rb2 Qa6 0-1

[Event "*** Titled Tuesday Blitz AM"]
[Site "Chess.com"]
[Date "2020.01.07"]
[Round "6"]
[White "Batica1984"]
[Black "Firouzja2003"]
[Result "0-1"]
[WhiteElo "2784"]
[BlackElo "3078"]
[TimeControl "180+2"]
[EndTime "10:17:54 PST"]
[Termination "Firouzja2003 won by resignation"]

1. e4 e5 2. Nf3 Nc6 3. d4 exd4 4. Nxd4 Qf6 5. Nb5 Bc5 6. Qe2 Bb6 7. N1c3 Nge7 8. Be3 O-O 9. Bxb6 cxb6 10. O-O-O a6 11. Nd6 b5 12. Qf3 Qg5+ 13. Kb1 b4 14. Nd5 Nxd5 15. Rxd5 Qe7 16. Bc4 b5 17. Bb3 Na5 18.
Rhd1 Nxb3 19. axb3 a5 20. Rxb5 Ba6 21. Rbd5 Qe6 22.
Qe3 Bc8 23. Qd4 a4 24. Qxb4 axb3 25. Qxb3 Ba6 26. Qc3 f6 27. R1d2 Rfb8 28. f3 Bb7 29. Nxb7 Rxb7 30. b3 Rba7 31. Qd4 Qa6 32. Rd6 Qf1+ 33.
Rd1 Qxg2 34. Rxd7 Ra1+ 35. Qxa1 Rxa1+ 36. Kxa1 Qxc2 37. R1d3 Qxh2 38. b4 h5 39. b5 Qe5+ 40. Ka2 Qxb5 41. R7d5 Qc4+ 42. Kb2 h4 43. Rd2 Qf1 44.
R5d3 h3 0-1

[Event "*** Titled Tuesday Blitz AM"]
[Site "Chess.com"]
[Date "2020.01.07"]
[Round "6"]
[White "aa175"]
[Black "wannabe2700"]
[Result "0-1"]
[WhiteElo "2245"]
[BlackElo "2763"]
[TimeControl "180+2"]
[EndTime "10:18:04 PST"]
[Termination "wannabe2700 won by resignation"]

1. d4 d5 2. Bf4 c5 3. e3 Nf6 4. Nf3 e6 5. Nbd2 Bd6 6. Bg3 O-O 7.
c3 Qc7 8. Bd3 Nbd7 9. O-O Bxg3 10.
hxg3 e5 11. dxe5 Nxe5 12. Nxe5 Qxe5 13. Nf3 Qe7 14. Qa4 Bg4 15. Qf4 h6 16. Qe5 Qd8 17.
Bf5 Re8 18. Qf4 g5 19. Nxg5 Bxf5 20. Nxf7 Kxf7 21. Qxf5 Qd7 22. Qf4 Kg6 23. Rad1 Re4 24. Qf3 Qg4 25. Rd2 a5 26. Rfd1 a4 27. Kf1 Rc4 28. a3 Ra6 29. Ke2 b5 30. Rh1 Rb6 31.
Qxg4+ Rxg4 32. Kf3 h5 33. Rhd1 b4 34. axb4 cxb4 35.
Rd4 a3 36. bxa3 bxa3 37. Ra1 Rb3 38. Rd3 Rc4 39. Ke2 Ne4 40. f3 Nxc3+ 41. Kf1 a2 42.
Kf2 Rb1 43. Rxb1 axb1=Q 44. e4 Qxd3 0-1

[Event "*** Titled Tuesday Blitz AM"]
[Site "Chess.com"]
[Date "2020.01.07"]
[Round "6"]
[White "Me_ch_an"]
[Black "2L8IWUN"]
[Result "1-0"]
[WhiteElo "2342"]
[BlackElo "2126"]
[TimeControl "180+2"]
[EndTime "10:18:08 PST"]
[Termination "Me_ch_an won by resignation"]

1. e4 c5 2. Nc3 Nc6 3. g3 g6 4. d4 Nxd4 5. Bg2 Bg7 6. Be3 d6 7. Qd2 e6 8. Rc1 Ne7 9. Bh6 Bf6 10. h4 Nec6 11. Nge2 Nxe2 12. Qxe2 Nd4 13. Qd2 Bd7 14. O-O Bc6 15. Rfe1 Qe7 16. Nd1 O-O-O 17. c3 Nb5 18. f4 Kb8 19. Qe2 Rhg8 20. e5 dxe5 21. fxe5 Bg7 22. Bg5 f6 23. Bxc6 bxc6 24. exf6 Bxf6 25.
Bf4+ e5 26. Be3 h5 27. Qc4 g5 28. Bxc5 Qd7 29. Kh2 gxh4 30. gxh4 Qd2+ 31. Nf2 Rd4 32. Qxg8+ Kb7 33. Bxd4 Nxd4 34. cxd4 Qxf2+ 35. Qg2 Qxh4+ 36. Kg1 1-0

[Event "*** Titled Tuesday Blitz AM"]
[Site "Chess.com"]
[Date "2020.01.07"]
[Round "6"]
[White "Zarikovs1999"]
[Black "2nd_life"]
[Result "0-1"]
[WhiteElo "2350"]
[BlackElo "2492"]
[TimeControl "180+2"]
[EndTime "10:18:10 PST"]
[Termination "2nd_life won by checkmate"]

1. e4 e5 2. Nf3 Nc6 3. Bb5 a6 4. Ba4 Nf6 5. O-O Be7 6. Re1 b5 7. Bb3 O-O 8. d3 d6 9. c3 Na5 10. Bc2 c5 11. Nbd2 Re8 12. Nf1 Bf8 13. Ne3 g6 14. d4 exd4 15. cxd4 Nxe4 16. dxc5 Bb7 17. cxd6 Bxd6 18. Rb1 Rc8 19. Bb3 Nxb3 20. Qxb3 Nc5 21.
Qd1 Nd3 22. Rf1 Bc5 23. Bd2 Nxf2 24. Kxf2 Bxf3 25. Kxf3 Qd3 26. Qe2 Qe4+ 27. Kf2 Rcd8 28. Rbd1 Rxd2 29. Rxd2 Bxe3+ 30. Kg3 Qe5+ 31. Kf3 Qf4# 0-1

[Event "*** Titled Tuesday Blitz AM"]
[Site "Chess.com"]
[Date "2020.01.07"]
[Round "6"]
[White "enzovsky"]
[Black "boasovietica"]
[Result "0-1"]
[WhiteElo "2216"]
[BlackElo "2442"]
[TimeControl "180+2"]
[EndTime "10:18:12 PST"]
[Termination "boasovietica won by resignation"]

1. e4 e5 2. Nf3 Nc6 3. d4 exd4 4. Nxd4 Bb4+ 5. c3 Bc5 6. Be3 Bb6 7. Nf5 g6 8. Bxb6 axb6 9. Ne3 Nf6 10. f3 O-O 11. Be2 Nh5 12. g3 d6 13. O-O Be6 14. c4 f5 15. Nc3 f4 16. gxf4 Nxf4 17. Ned5 Qg5+ 18. Kf2 Qh4+ 19. Ke3 Ne5 20. b3 Qh6 21. Nxf4 Qxf4+ 22. Kf2 Ng4+ 23. Ke1 Ne3 24. Qd2 Qh4+ 25.
Rf2 Ng4 26. Bd1 Nxf2 27. Qxf2 Qf6 28. Kd2 Qe5 29. Be2 Rf4 30. Rg1 c6 31. Kc2 b5 32.
cxb5 cxb5 33. Bxb5 Rc8 34. Qe3 Rh4 35. Rg2 Qxb5 36.
Qg5 Qxg5 0-1